 Dungeon Crawl Stone Soup version 0.28.0-43-g3370ac3207 (webtiles) character file.

Game seed: 4016734098887894211

77 Ablot the Grasshopper (level 4, -1/38 HPs)
             Began as a Gnoll Warper on Mar 7, 2022.
             Slain by an orc
             ... wielding a +0 short sword
              (4 damage)
             ... on level 2 of the Dungeon.
             The game lasted 00:02:02 (2296 turns).

Ablot the Grasshopper (Gnoll Warper)                Turns: 2296, Time: 00:02:02

Health: -1/38      AC:  3    Str: 13    XL:     4   Next: 34%
Magic:  11/11      EV: 12    Int: 12    God:
Gold:   68         SH:  0    Dex: 11    Spells: 11/13 levels left

rFire   . . .      SeeInvis .   l - +1 dagger (speed)
rCold   . . .      Faith    .   (no shield)
rNeg    . . .      Spirit   .   b - +0 leather armour
rPois   .          Reflect  .   (no helmet)
rElec   .          Harm     .   (no cloak)
rCorr   .          Rampage  .   (no gloves)
Will    .....                   (no boots)
Stlth   +.........              (no amulet)
HPRegen 0.12/turn               (no ring)
MPRegen 0.12/turn               (no ring)

@: no status effects
A: fangs 1, strong nose, distributed training
a: no special abilities


You were on level 2 of the Dungeon.
You visited 1 branch of the dungeon, and saw 3 of its levels.

You collected 68 gold pieces.

Inventory:

Hand Weapons
 a - a +0 spear
 l - a +1 dagger of speed (weapon)
Missiles
 d - 5 boomerangs of dispersal (quivered)
 e - 23 bolts
 f - 31 sling bullets
 i - 57 stones
Armour
 b - a +0 leather armour (worn)
Scrolls
 c - a scroll of blinking
 h - a scroll of enchant weapon {unknown}
 m - a scroll of acquirement {unknown}
 n - a scroll of teleportation {unknown}
 p - 3 scrolls of identify {unknown}
Potions
 g - a potion of might {unknown}
 j - 2 potions of curing {unknown}
 k - a potion of heal wounds {unknown}
 o - a potion of attraction {unknown}


   Skills:
 + Level 4.6 Fighting
 + Level 1.1 Short Blades
 + Level 1.1 Long Blades
 + Level 1.1 Axes
 + Level 1.1 Maces & Flails
 + Level 4.6 Polearms
 + Level 1.1 Staves
 + Level 1.1 Slings
 + Level 1.1 Bows
 + Level 1.1 Crossbows
 + Level 2.7 Throwing
 + Level 2.7 Armour
 + Level 4.6 Dodging
 + Level 1.1 Stealth
 + Level 1.1 Shields
 + Level 1.1 Unarmed Combat
 + Level 5.0 Spellcasting
 + Level 0.8 Conjurations
 + Level 0.8 Hexes
 + Level 0.8 Summonings
 + Level 0.8 Necromancy
 + Level 5.4 Translocations
 + Level 0.8 Transmutations
 + Level 0.8 Fire Magic
 + Level 0.8 Ice Magic
 + Level 0.8 Air Magic
 + Level 0.8 Earth Magic
 + Level 0.8 Poison Magic
 + Level 1.2 Invocations
 + Level 1.1 Evocations


You had 11 spell levels left.
You knew the following spells:

 Your Spells              Type           Power      Damage    Failure   Level
a - Blink                 Tloc           32%        N/A       4%          2

Your spell library contained the following spells:

 Spells                   Type           Power      Damage    Failure   Level
 Gell's Gravitas          Tloc           16%        N/A       8%          3
 Lesser Beckoning         Tloc           16%        N/A       8%          3
 Teleport Other           Tloc           16%        N/A       8%          3
 Ozocubu's Armour         Ice            5%         N/A       47%         3
 Manifold Assault         Tloc           16%        N/A       58%         5
 Ozocubu's Refrigeration  Ice            2%         4d5       100%        7


Dungeon Overview and Level Annotations

Branches:
Dungeon (3/15)

Altars:

Annotations:
D:3 1 transporter


Innate Abilities, Weirdness & Mutations

You have very sharp teeth.
Your uncanny sense of smell can sniff out nearby items.
Your experience applies equally to all skills.


Message History

You climb downwards.
The orc shouts! x2; The orc priest shouts!
You hear an angry hiss.
The orc priest calls down the wrath of Beogh upon you.
Beogh smites you!
Found an encrusted ring mail, a scroll labelled PUOW SOMAA and 22 gold pieces.
Found a transporter.
There is a stone staircase leading up here.
The adder hisses angrily.
The orc barely misses you.
The orc priest hits you but does no damage.
You climb upwards.
There is a stone staircase leading down here.
You completely miss the orc priest. The orc completely misses you.
You hit the orc priest.
The orc priest is moderately wounded.
The orc priest hits you with a +0 club. The orc hits you with a +0 short sword.
You hit the orc priest.
The orc priest is moderately wounded.
You barely miss the orc priest.
The orc priest is moderately wounded.
The orc priest misses you. The orc hits you with a +0 short sword.
You barely miss the orc priest.
The orc priest is moderately wounded.
The orc priest hits you with a +0 club. The orc hits you with a +0 short sword.
* * * LOW HITPOINT WARNING * * *
You hit the orc priest but do no damage.
The orc priest is moderately wounded.
You hit the orc priest.
The orc priest is severely wounded.
The orc priest hits you with a +0 club.
* * * LOW HITPOINT WARNING * * *
The orc hits you with a +0 short sword.
* * * LOW HITPOINT WARNING * * *
You hit the orc priest but do no damage.
The orc priest is severely wounded.
The orc priest closely misses you.
You hit the orc priest.
The orc priest is almost dead.
The orc hits you with a +0 short sword.
You die...

########### #####
#.....o@..# ....##
#......o..#
...).#####.........#
............########
......#####.#
......# #.# ......#
###)# ......###.))#
.....###..###


You could see an orc priest and an orc.

Vanquished Creatures
  Jessica (D:2)
  3 ball pythons
  3 bats
  4 endoplasms (D:1)
  2 giant cockroaches (D:1)
  11 goblins
  3 hobgoblins
  4 frilled lizards (D:1)
  9 kobolds
  8 rats
48 creatures vanquished.

Notes
Turn   | Place    | Note
-------+----------+-------------------------------------------
     0 | D:1      | Ablot the Gnoll Warper began the quest for the Orb.
     0 | D:1      | Reached XP level 1. HP: 20/20 MP: 6/6
   290 | D:1      | Reached XP level 2. HP: 26/26 MP: 7/7
   293 | D:1      | Learned a level 2 spell: Blink
   735 | D:1      | Reached XP level 3. HP: 31/31 MP: 9/9
   778 | D:1      | Reached skill level 5 in Spellcasting
  1623 | D:2      | Noticed Jessica
  1638 | D:2      | Killed Jessica
  1639 | D:2      | Reached skill level 1 in Short Blades
  1639 | D:2      | Reached skill level 1 in Long Blades
  1639 | D:2      | Reached skill level 1 in Axes
  1639 | D:2      | Reached skill level 1 in Maces & Flails
  1639 | D:2      | Reached skill level 1 in Staves
  1639 | D:2      | Reached skill level 1 in Slings
  1639 | D:2      | Reached skill level 1 in Bows
  1639 | D:2      | Reached skill level 1 in Crossbows
  1639 | D:2      | Reached skill level 1 in Stealth
  1639 | D:2      | Reached skill level 1 in Shields
  1639 | D:2      | Reached skill level 1 in Unarmed Combat
  1639 | D:2      | Reached skill level 1 in Invocations
  1639 | D:2      | Reached skill level 1 in Evocations
  1639 | D:2      | Reached XP level 4. HP: 25/38 MP: 11/11
  1810 | D:2      | Found a faded altar of an unknown god.
  2285 | D:3      | Found a transporter.
  2296 | D:2      | Slain by an orc

Illustrated notes

Levels and vault maps discovered:
D:1:      ncdulo_wetmaze, layout_basic, chequers_serial_rivers_large_b,
          grunt_decor_fettered
D:2:      kennysheep_the_goblin_king, layout_rooms,
          hellmonk_ecumenical_altar_lost_god, uniq_jessica
D:3:      layout_loops_corners, riverfiend_overflow_shadow_ancestor,
          tgw_kikubaaqudgha, gammafunk_temple_overflow_arena, goddamned_bats

Skill      XL: |  1  2  3 |
---------------+----------+-----
Spellcasting   | 5 |  5.0
Short Blades   | 1 |  1.1
Long Blades    | 1 |  1.1
Axes           | 1 |  1.1
Maces & Flails | 1 |  1.1
Staves         | 1 |  1.1
Slings         | 1 |  1.1
Bows           | 1 |  1.1
Crossbows      | 1 |  1.1
Stealth        | 1 |  1.1
Shields        | 1 |  1.1
Unarmed Combat | 1 |  1.1
Invocations    | 1 |  1.2
Evocations     | 1 |  1.1
Fighting       | |  4.6
Polearms       | |  4.6
Throwing       | |  2.7
Armour         | |  2.7
Dodging        | |  4.6
Conjurations   | |  0.8
Hexes          | |  0.8
Summonings     | |  0.8
Necromancy     | |  0.8
Translocations | |  5.4
Transmutations | |  0.8
Fire Magic     | |  0.8
Ice Magic      | |  0.8
Air Magic      | |  0.8
Earth Magic    | |  0.8
Poison Magic   | |  0.8

Action                   |  1- 3 |  4- 6 || total
-------------------------+-------+-------++-------
Melee: Spear             |   133 |       ||   133
       Bite              |     6 |     1 ||     7
       Punch             |     1 |       ||     1
       Dagger            |       |    49 ||    49
 Stab: Sleeping          |     3 |       ||     3
Armor: Leather armour    |    25 |    10 ||    35
Dodge: Dodged            |    54 |    21 ||    75
